[Event "AZE-ch Women 2019"]
[Site "Baku"]
[Date "2019.02.08"]
[Round "5.7"]
[White "Babayeva, Samira"]
[Black "Ismayil, Malak"]
[Result "0-1"]
[ECO "A05"]
[WhiteElo "1773"]
[BlackElo "1905"]
[Annotator "NA RC"]
[PlyCount "48"]
[EventDate "2019.02.04"]
[EventType "swiss"]
[EventCountry "AZE"]
[SourceTitle "playchess.com"]
[Source "ChessBase"]
[SourceQuality "1"]
[TimeControl "40/5400+30:1800+30"]

1. Nf3 Nf6 2. c3 e6 3. Qc2 d5 4. d3 c5 5. e4 Qc7 6. Bg5 Nbd7 7. Nbd2 b6 8. d4 dxe4 9. Nxe4 Bb7 10. Nxf6+ gxf6 11. Bh4 O-O-O 12. Bg3 Bd6 $1 13. O-O-O f5 $11 14. Qa4 Bxg3 15. hxg3 Kb8 16. Bb5 Nf6 17. Ne5 cxd4 18. Nc6+ Bxc6 19. Bxc6 dxc3 20. b3 c2 21. Rde1 Rd6 22. Bf3 Qc3 23. Qa6 Qd2+ 24. Kb2 c1=Q# 0-1

[Event "AZE-ch Women 2019"]
[Site "Baku"]
[Date "2019.02.08"]
[Round "5.8"]
[White "Babazade, Zhala"]
[Black "Jafarova, Aysel"]
[Result "1/2-1/2"]
[ECO "B01"]
[WhiteElo "1823"]
[BlackElo "1376"]
[Annotator "NA RC"]
[PlyCount "66"]
[EventDate "2019.02.04"]
[EventType "swiss"]
[EventCountry "AZE"]
[SourceTitle "playchess.com"]
[Source "ChessBase"]
[SourceQuality "1"]
[TimeControl "40/5400+30:1800+30"]

1. e4 d5 (1... Nf6 2. Nc3 d5 {½-½ (22) Samolins,V (2412)-Luther,T (2515) Pardubice 2011}) 2. exd5 Nf6 3. Nc3 Nxd5 4. Nxd5 Qxd5 5. Qf3 c6 6. Qxd5 {[%emt 0:01:13] B02: Alekhine's Defence: Chase Variation and lines with early Nc3} cxd5 7. d4 Nc6 $146 ({Predecessor:} 7... Bf5 8. Bb5+ Nc6 {0-1 (41) Aigner,G (1786)-Fischer,G (2008) Bergen 2014}) 8. c3 (8. Nf3 Bf5 9. c3 a6 10. Bf4 h6 11. Ne5 g5 12. Nxc6 bxc6 13. Be3 e6 {½-½ (22) Samolins,V (2412)-Luther,T (2515) Pardubice 2011}) 8... Bf5 9. Bb5 a6 10. Be2 e6 11. Nf3 Bd6 12. O-O ({Predecessor:} 12. Nh4 Bc2 13. Be3 O-O {0-1 (41) Aigner,G (1786)-Fischer,G (2008) Bergen 2014}) 12... h6 13. h3 Kd7 14. Be3 Rac8 15. Nd2 Na5 16. f4 Nc4 17. Nxc4 dxc4 18. Rad1 Be4 19. Bf3 Bd3 20. Rf2 Kc7 21. d5 Rhe8 22. Bd4 f6 23. dxe6 Rxe6 24. Bd5 Re7 25. g3 Rce8 $11 26. Bf3 Be2 27. Rd2 Bxf3 28. Rxf3 Re1+ 29. Rf1 R1e2 30. Rf2 Re1+ 31. Rf1 R1e2 32. Rf2 Re1+ 33. Kg2 Ra1 1/2-1/2

[Event "AZE-ch Women 2019"]
[Site "Baku"]
[Date "2019.02.08"]
[Round "5.9"]
[White "Hajiyeva, Laman"]
[Black "Hajiyeva, Altunay"]
[Result "1-0"]
[ECO "D30"]
[WhiteElo "2040"]
[BlackElo "1315"]
[Annotator "NA RC"]
[PlyCount "73"]
[EventDate "2019.02.04"]
[EventType "swiss"]
[EventCountry "AZE"]
[SourceTitle "playchess.com"]
[Source "ChessBase"]
[SourceQuality "1"]
[TimeControl "40/5400+30:1800+30"]

1. d4 d5 2. c4 c6 3. Nf3 Nf6 4. e3 e6 5. Nbd2 Bd6 $146 ({Predecessor:} 5... Nbd7 6. Bd3 Bd6 7. O-O O-O 8. e4 dxe4 9. Nxe4 Nxe4 10. Bxe4 f5 11. Bc2 {1-0 (24) Lysyj,I (2668)-Ivanov,O (2155) Cheboksary 2016}) 6. Bd3 {[%emt 0:00:00] D30: Queen's Gambit Declined: Systems without Nc3} h6 7. O-O Nbd7 8. e4 dxe4 9. Nxe4 Nxe4 10. Bxe4 f5 11. Bc2 O-O 12. Re1 Qf6 13. c5 Bc7 14. Rxe6 Qd8 15. Bb3 Kh7 ({Predecessor:} 15... Kh8 16. Re1 Nf6 17. Bd2 Ne4 18. Bc3 Ng5 19. d5 cxd5 20. Bxd5 Nxf3+ 21. Qxf3 Rb8 22. Rad1 Qh4 23. g3 Qh3 24. Re7 {1-0 (24) Lysyj,I (2668)-Ivanov,O (2155) Cheboksary 2016}) 16. Ng5+ Kh8 17. Re1 Ne5 18. dxe5 Qxd1 19. Bxd1 hxg5 20. Bxg5 Be6 21. Bb3 Rfe8 22. f4 $18 a5 23. Bxe6 Rxe6 24. Rad1 a4 25. Rd7 Ba5 26. Red1 b5 27. a3 b4 28. Rb7 bxa3 29. bxa3 Bc3 30. Rd3 Ba5 31. Rdd7 Rg8 32. Ra7 Bc3 33. Rd3 Ba1 34. Rh3+ Rh6 35. Bxh6 Bd4+ 36. Kf1 gxh6 37. Rxh6# 1-0